General information
			
			
        
        - name: BNet
 
        - type: Ladder 1vs1/FFA
 
        - host: Battle.net
 
        - saver: sc2no.wc4yes
 
        
map: TidewaterGlades 
        - players: 2
 
        - length: 112:41
 
        - speed: Fast
 - version: 1.22 W3XP
 - replay type:  Public
 
» download(280 KB)
Players
        team 1 (loser) 
              
              
kodosh (
orange | 33 APM | 3726 actions | 112:39)
              
 8 Shadow Hunter 
 3 Hex
 3 Healing Wave
 1 Big Bad Voodoo
 1 Serpent Ward
 5 Far Seer 
 2 Chain Lighting
 3 Far Sight
 
                » actions 
                
                | Basic commands | 467 |  | 
| Build / train | 113 |  | 
| ESC pressed | 4 |  | 
| Enter build submenu | 45 |  | 
| Enter hero's abilities submenu | 13 |  | 
| Give item / drop item | 18 |  | 
| Right click | 1631 |  | 
| Select / deselect | 1167 |  | 
| Use ability | 268 |  | 
                3726 total
 » units 
                
                | Peon | 33 |  | 
| Grunt | 6 |  | 
| Demolisher | 16 |  | 
| Raider | 9 |  | 
| Goblin Shredder | 1 |  | 
| Troll Witch Doctor | 5 |  | 
| Troll Batrider | 3 |  | 
| Wind Rider | 3 |  | 
                76 total
 » upgrades
                
                | Melee Weapons | 2 |  | 
| Reinforced Defenses | 1 |  | 
| Armor | 2 |  | 
| Ensnare | 1 |  | 
| Witch Doctor Training | 2 |  | 
| Burning Oil | 1 |  | 
| Ranged Weapons | 2 |  | 
| Backpack | 1 |  | 
| Envenomed Spears | 1 |  | 
| Spiked Barricades | 1 |  | 
                14 total
 » buildings
                
                | Altar of Storms | 1 |  | 
| Orc Burrow | 11 |  | 
| Barracks | 3 |  | 
| Stronghold | 1 |  | 
| War Mill | 1 |  | 
| Beastiary | 2 |  | 
| Spirit Lodge | 1 |  | 
| Voodoo Lounge | 1 |  | 
| Watch Tower | 19 |  | 
| Fortress | 1 |  | 
                41 total
 » build order
                00:09 Altar of Storms
00:12 Orc Burrow
00:21 Barracks
02:02 Orc Burrow
03:22 Barracks
03:27 Barracks
03:39 Orc Burrow
05:06 Stronghold
05:59 Orc Burrow
06:06 War Mill
07:40 Beastiary
07:45 Beastiary
08:11 Orc Burrow
12:41 Spirit Lodge
15:13 Orc Burrow
17:41 Voodoo Lounge
20:31 Orc Burrow
25:35 Watch Tower
25:38 Watch Tower
25:40 Watch Tower
25:42 Watch Tower
25:46 Watch Tower
25:49 Watch Tower
26:00 Watch Tower
26:06 Watch Tower
26:57 Fortress
28:59 Orc Burrow
31:05 Watch Tower
31:15 Watch Tower
31:17 Watch Tower
31:19 Watch Tower
31:23 Watch Tower
31:26 Watch Tower
31:31 Watch Tower
32:52 Orc Burrow
37:08 Watch Tower
37:27 Watch Tower
37:30 Watch Tower
37:37 Watch Tower
46:58 Orc Burrow
47:03 Orc Burrow
» items
                
                | Boots of Speed | 1 |  | 
| Tiny Great Hall | 1 |  | 
| Orb of Lightning | 1 |  | 
| Scroll of Town Portal | 3 |  | 
                6 total
  
               team 2 (winner) 
              
              
sc2no.wc4yes (
red | 57 APM | 6384 actions | 112:41)
              
 7 Blood Mage 
 3 Flame Strike
 3 Siphon Mana
 1 Summon Phoenix
 5 Goblin Alchemist 
 2 Acid Bomb
 2 Chemical Rage
 1 Transmute
 
                » actions 
                
                | Assign group hotkey | 70 |  | 
| Basic commands | 259 |  | 
| Build / train | 324 |  | 
| ESC pressed | 15 |  | 
| Enter build submenu | 68 |  | 
| Enter hero's abilities submenu | 12 |  | 
| Give item / drop item | 28 |  | 
| Remove unit from queue | 1 |  | 
| Right click | 2325 |  | 
| Select / deselect | 1017 |  | 
| Select group hotkey | 1012 |  | 
| Use ability | 1253 |  | 
                6384 total
 » units 
                
                | Peasant | 27 |  | 
| Footman | 15 |  | 
| Goblin Shredder | 1 |  | 
| Sorceress | 2 |  | 
| Goblin Zeppelin | 17 |  | 
| Gryphon Rider | 3 |  | 
| Goblin Sapper | 6 |  | 
| Satyr Shadowdancer | 1 |  | 
| Thunder Lizard | 1 |  | 
| Furbolg Shaman | 1 |  | 
                74 total
 » upgrades
                
                | Masonry | 3 |  | 
| Magic Sentry | 1 |  | 
| Lumber Harvesting | 2 |  | 
| Storm Hammers | 1 |  | 
| Priest Training | 1 |  | 
| Sorceress Training | 2 |  | 
| Control Magic | 1 |  | 
| Cloud | 1 |  | 
                12 total
 » buildings
                
                | Altar of Kings | 1 |  | 
| Farm | 9 |  | 
| Barracks | 1 |  | 
| Scout Tower | 152 |  | 
| Lumber Mill | 1 |  | 
| Arcane Tower | 1 |  | 
| Guard Tower | 81 |  | 
| Town Hall | 5 |  | 
| Keep | 1 |  | 
| Castle | 1 |  | 
| Gryphon Aviary | 14 |  | 
| Arcane Sanctum | 1 |  | 
| Arcane Vault | 4 |  | 
                272 total
 » build order
                00:18 Altar of Kings
00:21 Farm
00:38 Barracks
01:14 Farm
01:19 Scout Tower
01:40 Lumber Mill
01:47 Arcane Tower
02:23 Farm
02:55 Scout Tower
02:57 Scout Tower
03:34 Guard Tower
03:37 Farm
05:45 Town Hall
05:48 Scout Tower
05:48 Scout Tower
05:49 Scout Tower
05:50 Scout Tower
05:51 Scout Tower
05:52 Scout Tower
05:53 Scout Tower
05:54 Scout Tower
06:08 Scout Tower
06:11 Scout Tower
06:18 Guard Tower
06:22 Guard Tower
06:26 Guard Tower
06:30 Guard Tower
06:31 Guard Tower
07:13 Guard Tower
08:14 Keep
08:17 Scout Tower
08:18 Scout Tower
08:18 Scout Tower
08:39 Scout Tower
08:40 Scout Tower
08:43 Scout Tower
08:44 Scout Tower
08:50 Scout Tower
08:51 Scout Tower
08:52 Scout Tower
08:52 Scout Tower
08:53 Scout Tower
09:14 Guard Tower
09:22 Guard Tower
09:55 Scout Tower
09:56 Scout Tower
10:00 Scout Tower
10:04 Guard Tower
10:57 Castle
11:04 Gryphon Aviary
11:04 Gryphon Aviary
11:08 Guard Tower
11:12 Farm
11:13 Farm
11:13 Farm
11:14 Farm
11:16 Farm
11:53 Arcane Sanctum
15:12 Arcane Vault
16:11 Scout Tower
16:12 Scout Tower
16:12 Scout Tower
16:13 Scout Tower
16:14 Scout Tower
16:14 Scout Tower
16:15 Scout Tower
16:16 Scout Tower
16:17 Scout Tower
16:17 Scout Tower
16:18 Scout Tower
16:18 Scout Tower
16:20 Scout Tower
16:20 Scout Tower
16:21 Scout Tower
16:22 Scout Tower
16:23 Scout Tower
16:24 Scout Tower
17:24 Guard Tower
17:43 Guard Tower
17:57 Guard Tower
18:12 Guard Tower
18:20 Guard Tower
18:37 Guard Tower
18:47 Guard Tower
18:51 Guard Tower
19:08 Guard Tower
20:00 Guard Tower
20:04 Scout Tower
20:05 Scout Tower
20:06 Scout Tower
20:06 Scout Tower
20:08 Scout Tower
20:09 Scout Tower
20:10 Scout Tower
20:10 Scout Tower
20:11 Scout Tower
20:12 Scout Tower
20:13 Scout Tower
20:14 Scout Tower
20:27 Scout Tower
20:28 Scout Tower
20:29 Scout Tower
20:30 Scout Tower
21:06 Guard Tower
21:14 Town Hall
21:22 Guard Tower
21:24 Guard Tower
21:26 Guard Tower
21:48 Guard Tower
21:52 Guard Tower
22:02 Scout Tower
22:03 Scout Tower
22:04 Scout Tower
22:05 Scout Tower
22:06 Scout Tower
22:08 Scout Tower
22:10 Scout Tower
22:11 Scout Tower
22:12 Scout Tower
22:13 Scout Tower
22:14 Scout Tower
22:19 Guard Tower
22:23 Scout Tower
22:23 Scout Tower
22:24 Scout Tower
22:24 Scout Tower
22:25 Scout Tower
22:26 Scout Tower
22:27 Scout Tower
22:42 Guard Tower
22:47 Guard Tower
23:11 Guard Tower
23:16 Guard Tower
23:53 Guard Tower
23:56 Town Hall
23:58 Scout Tower
23:59 Scout Tower
24:00 Scout Tower
24:01 Scout Tower
24:02 Scout Tower
24:02 Scout Tower
24:03 Scout Tower
24:04 Scout Tower
24:05 Scout Tower
24:07 Scout Tower
24:08 Scout Tower
24:09 Scout Tower
24:10 Scout Tower
24:16 Guard Tower
24:50 Guard Tower
25:46 Guard Tower
25:48 Guard Tower
25:58 Town Hall
26:00 Scout Tower
26:01 Scout Tower
26:01 Scout Tower
26:02 Scout Tower
26:03 Scout Tower
26:04 Scout Tower
26:05 Scout Tower
26:05 Scout Tower
26:07 Scout Tower
26:08 Scout Tower
26:09 Scout Tower
26:09 Scout Tower
26:12 Scout Tower
26:12 Scout Tower
26:12 Scout Tower
26:28 Guard Tower
26:31 Guard Tower
26:35 Guard Tower
26:38 Guard Tower
26:45 Guard Tower
26:47 Scout Tower
26:49 Scout Tower
26:49 Scout Tower
26:52 Scout Tower
26:54 Scout Tower
26:54 Scout Tower
26:56 Scout Tower
26:58 Scout Tower
27:00 Scout Tower
27:02 Scout Tower
27:05 Guard Tower
27:26 Guard Tower
27:29 Guard Tower
28:12 Guard Tower
28:21 Guard Tower
29:10 Guard Tower
29:14 Guard Tower
29:22 Town Hall
29:27 Scout Tower
29:28 Scout Tower
29:28 Scout Tower
29:29 Scout Tower
29:30 Scout Tower
29:32 Scout Tower
29:33 Scout Tower
29:33 Scout Tower
29:33 Scout Tower
29:34 Scout Tower
29:34 Scout Tower
29:35 Scout Tower
29:35 Scout Tower
29:35 Scout Tower
29:36 Scout Tower
29:37 Scout Tower
29:38 Scout Tower
29:39 Scout Tower
30:13 Scout Tower
30:14 Scout Tower
30:15 Scout Tower
30:16 Scout Tower
30:17 Scout Tower
30:20 Guard Tower
30:32 Guard Tower
31:00 Guard Tower
31:05 Guard Tower
31:21 Guard Tower
31:42 Guard Tower
32:38 Arcane Vault
32:39 Arcane Vault
32:45 Guard Tower
42:31 Guard Tower
42:53 Guard Tower
42:55 Guard Tower
43:16 Guard Tower
43:22 Guard Tower
44:16 Guard Tower
44:17 Guard Tower
44:29 Guard Tower
44:30 Guard Tower
47:10 Guard Tower
51:36 Arcane Vault
56:36 Gryphon Aviary
56:36 Gryphon Aviary
56:37 Gryphon Aviary
56:37 Gryphon Aviary
56:41 Gryphon Aviary
56:41 Gryphon Aviary
56:42 Gryphon Aviary
56:43 Gryphon Aviary
56:43 Gryphon Aviary
56:44 Gryphon Aviary
56:45 Gryphon Aviary
56:45 Gryphon Aviary
66:49 Guard Tower
67:14 Guard Tower
67:30 Guard Tower
67:31 Guard Tower
68:24 Guard Tower
68:28 Guard Tower
71:02 Scout Tower
71:04 Guard Tower
71:08 Scout Tower
71:09 Scout Tower
71:11 Scout Tower
71:14 Scout Tower
71:15 Scout Tower
71:18 Scout Tower
71:19 Scout Tower
71:20 Scout Tower
71:21 Scout Tower
71:22 Scout Tower
71:32 Guard Tower
72:15 Guard Tower
73:13 Guard Tower
73:14 Guard Tower
74:33 Guard Tower
76:47 Guard Tower
76:52 Guard Tower
77:17 Guard Tower
» items
                
                | Boots of Speed | 4 |  | 
| Staff of Teleportation | 3 |  | 
| Potion of Invisibility | 11 |  | 
| Potion of Lesser Invulnerability | 8 |  | 
| Scroll of Town Portal | 10 |  | 
| Scroll of Healing | 2 |  | 
| Circlet of Nobility | 1 |  | 
| Potion of Mana | 11 |  | 
| Potion of Healing | 11 |  | 
| Lesser Clarity Potion | 13 |  | 
| Scroll of Regeneration | 11 |  | 
| Ivory Tower | 47 |  | 
| Staff of Sanctuary | 2 |  | 
| Orb of Fire | 2 |  | 
| Mechanical Critter | 2 |  | 
                138 total
  
                Chat log
          
(09:37 / All) sc2no.wc4yes: stop that
(10:35 / All) sc2no.wc4yes: io hate siege
(10:52 / All) sc2no.wc4yes: i hate hex
(11:32 / All) sc2no.wc4yes: u got no chance this game dawh
(11:35 / All) sc2no.wc4yes: just give up
(12:09 / All) sc2no.wc4yes: you had like 12 miners rofl
(12:59 / All) sc2no.wc4yes: stioll 12 mienrs lahahahaha
(14:31 / All) sc2no.wc4yes: lol how did ur hero die?
(14:34 / All) sc2no.wc4yes: i didnt kil lit did i?
(15:24 / All) sc2no.wc4yes: here kill some foots so u dont feel so impotent
(17:14 / All) sc2no.wc4yes: u want some more foots?
(17:16 / All) sc2no.wc4yes: id have to build them
(18:30 / All) sc2no.wc4yes: f only u had gone blademaster u could kill my guy easy
(20:57 / All) sc2no.wc4yes: i got 4000 gold
(21:02 / All) sc2no.wc4yes: want me to drop some items so u can sell em?
(23:48 / All) sc2no.wc4yes: thre u can sell that for gold
(23:57 / All) kodosh: thx
(33:15 / All) sc2no.wc4yes: damn you got one
(43:02 / All) kodosh: i wonder how im gonna win
(46:38 / All) kodosh: gg
(46:54 / All) sc2no.wc4yes: giving up so soon?
(63:57 / All) kodosh: 1 by 1
(85:28 / All) kodosh: ta heck
(92:11 / All) sc2no.wc4yes: splash
(94:54 / All) sc2no.wc4yes: there are probably items laying around you could sell to get a zeppelin
(97:13 / All) sc2no.wc4yes: i would get a zeppelin not bats
(97:39 / All) sc2no.wc4yes: hmm well myabe u couldnt really land on my right side island
(104:44 / All) sc2no.wc4yes: maybe if you used voodoo from the shore
(112:33 / All) kodosh: thanks for the game but is boring